 Dungeon Crawl Stone Soup version bcrawl-1.40.3b (webtiles) character file.

Game seed: 13593841906223201671

222890 Amelense the Slasher (level 6, -1/47 HPs)
             Began as a Human Fighter on Feb 8, 2024.
             Killed by divine providence
             ... invoked by an orc priest
              (12 damage)
             ... on level 3 of the Dungeon.
             The game lasted 00:06:22 (1784 turns).

Amelense the Slasher (Human Fighter)                Turns: 1784, Time: 00:06:23

Health: -1/47      AC: 13    Str: 18    XL:     6   Next: 29%
Magic:  6/6        EV:  3    Int:  8    God:
Gold:   93         SH: 16    Dex: 13    Spells: 5/5 levels left

rFire    . . .     GDR:     27% a - +0 long sword
rCold    . . .     SeeInvis .   c - +0 medium shield
rNeg     . . .     Gourm    .   q - +2 chain mail {rPois}
rPois    +         Faith    .   (no helmet)
rElec    .         Spirit   .   (no cloak)
rCorr    .         Reflect  +   (no gloves)
MR       .....                  j - +1 pair of boots
Stlth    ..........             f - +5 amulet of reflection
HPRegen  0.17/turn              (no ring)
MPRegen  0.10/turn              (no ring)

@: lightly drained
A: no striking features
a: no special abilities


You were on level 3 of the Dungeon.
You were hungry.

You visited 1 branch of the dungeon, and saw 3 of its levels.

You collected 93 gold pieces.

Inventory:

Hand Weapons
 a - a +0 long sword (weapon)
Armour
 c - a +0 medium shield (worn)
 j - a +1 pair of boots (worn)
 q - a +2 chain mail of poison resistance (worn)
Jewellery
 f - a +5 amulet of reflection (around neck)
Wands
 l - a wand of iceblast (11)
Scrolls
 h - 2 scrolls of blinking {unknown}
 i - 4 scrolls of teleportation
Potions
 b - 2 potions of heal wounds {unknown}
 d - a potion of might
 k - a potion of haste {unknown}
 m - a potion of cancellation {unknown}
 n - a potion of brilliance {unknown}
 p - a potion of agility {unknown}
Comestibles
 e - a ration {!d}
 g - 2 chunks of flesh


   Skills:
 - Level 3.0(2.6) Fighting
 * Level 5.8(5.4) Long Blades
 - Level 3.2(2.8) Armour
 + Level 0.4(0.0) Stealth
 + Level 4.6(4.2) Shields


You had 5 spell levels left.
You didn't know any spells.
Your spell library contained the following spells:

 Spells                   Type           Power        Failure   Level  Hunger
 Magic Dart               Conj           #...         100%        1    None
 Necrotize                Necr           #.....       100%        1    None
 Blink                    Tloc           N/A          100%        2    ####...
 Call Imp                 Summ           #.....       100%        2    ####...
 Conjure Flame            Conj/Fire      #.......     100%        3    #####..
 Mephitic Cloud           Conj/Pois/Air  #.......     100%        3    #####..
 Spider Form              Tmut/Pois      #..          100%        3    #####..
 Vampiric Draining        Necr           #.........   100%        3    #####..
 Agony                    Necr           #.......     100%        4    ######.
 Animate Dead             Necr           N/A          100%        4    ######.
 Dispel Undead            Necr           #.......     100%        5    #######


Dungeon Overview and Level Annotations

Branches:
Dungeon (3/12)

Altars:
Makhleb
Vehumet

Annotations:
D:3 1 transporter


Message History

The frilled lizard bites you but does no damage.
You hit the orc priest.
The orc priest is moderately wounded.
You block the quokka's attack. You block the orc priest's attack.
You block the orc's attack.
The frilled lizard bites you but does no damage.
You closely miss the orc priest.
The orc priest is moderately wounded.
The orc wizard gestures wildly while chanting.
The orc wizard blinks!
You block the quokka's attack.
The orc priest mumbles some strange prayers to Beogh against you.
Beogh smites you!
* * * LOW HITPOINT WARNING * * *
You block the orc's attack.
The quokka bites you but does no damage.
The frilled lizard bites you.
* * * LOW HITPOINT WARNING * * *
The orc priest calls down the wrath of Beogh upon you.
Beogh smites you!
You die...

#.....####.#8P#;≈≈≈≈≈≈
........#..###########
.....................
.............#.....#.
##....###...o.......
###............oo....#
...........^or)#.....#
##....†.....l##...#..
.##.........@##..#...
......................
###...................
#..............#.. §
#.%.....<........
#####.).##.....#..
#..........# .
.........##..
...........# #


You could see 2 orc priests, 2 orcs, a quokka and a frilled lizard.

Vanquished Creatures
  A scorpion (D:2)
  A hound (D:2)
  An orc wizard (D:3)
  Jessica (D:2)
  3 gnolls
  An adder (D:2)
  An ooze (D:2)
  2 worms (D:2)
  2 dart slugs
  A leopard gecko (D:2)
  2 orcs (D:3)
  6 giant cockroaches
  4 goblins
  2 hobgoblins (D:1)
  6 jackals
  A quokka (D:2)
  4 bats (D:1)
  A frilled lizard (D:1)
  10 kobolds
  4 rats
54 creatures vanquished.

Notes
Turn   | Place    | Note
-------+----------+-------------------------------------------
     0 | D:1      | Amelense the Human Fighter began the quest for the Orb.
     0 | D:1      | Reached XP level 1. HP: 18/18 MP: 1/1
    61 | D:1      | Reached XP level 2. HP: 24/24 MP: 2/2
   251 | D:1      | Reached skill level 3 in Long Blades
   291 | D:1      | Reached XP level 3. HP: 29/29 MP: 3/3
   884 | D:2      | Reached XP level 4. HP: 33/35 MP: 4/4
   919 | D:2      | Found a faded altar of an unknown god.
  1047 | D:2      | Found a radiant altar of Vehumet.
  1104 | D:2      | Found a burning altar of Makhleb.
  1115 | D:2      | Reached skill level 4 in Long Blades
  1249 | D:2      | Noticed Jessica
  1253 | D:2      | Killed Jessica
  1254 | D:2      | Reached XP level 5. HP: 41/41 MP: 5/5
  1501 | D:2      | Reached skill level 5 in Long Blades
  1683 | D:2      | Reached XP level 6. HP: 32/47 MP: 6/6
  1751 | D:3      | Found a transporter.
  1784 | D:3      | Killed from afar by an orc priest

Skill      XL: |  1  2  3  4  5 |
---------------+----------------+-----
Long Blades    | 3 4 5 |  5.8
Shields        | 4 |  4.6
Fighting       | |  3.0
Armour         | |  3.2
Stealth        | |  0.4

Action                   |  1- 3 |  4- 6 || total
-------------------------+-------+-------++-------
Melee: Long sword        |    86 |    80 ||   166
  Use: Scroll            |       |     1 ||     1
  Eat: Chunk             |     3 |     4 ||     7
Armor: Scale mail        |    31 |     8 ||    39
       Chain mail        |       |    29 ||    29
Dodge: Dodged            |    11 |    11 ||    22
Block: Medium shield     |    79 |    73 ||   152
       Reflection        |     4 |     2 ||     6
